Map: Ascension to Aiur LE

Players

naVa - Winner!

  • Race: Protoss Protoss
  • League: Diamond
  • Spawn Location: 5:00

Trizztein

  • Race: Terran Terran
  • League: Diamond
  • Spawn Location: 11:00

VOD

Have the link to the VOD?

Description

Time

  • Played on: June 26, 2017, 3:11 p.m.
  • Length: 11:44
Show
View Real Time Build Order
Export as new Build Order

naVa Protoss - Winner!

Build Orders: 1 Gate Expand, Double Forge 

Get SALT Encoding   

  12  0:01  Probe (Chrono Boost)  
  13  0:11  Probe (Chrono Boost)  
  14  0:18  Pylon  
  14  0:22  Probe (Chrono Boost)  
  15  0:36  Gateway, Probe (Chrono Boost)  
  16  0:46  Probe (Chrono Boost)  
  16  0:48  Assimilator  
  17  0:57  Probe (Chrono Boost)  
  18  1:08  Probe (Chrono Boost)  
  19  1:22  Nexus  
  19  1:26  Probe (Chrono Boost)  
  20  1:36  Cybernetics Core  
  20  1:41  Probe (Chrono Boost)  
  20  1:44  Assimilator  
  21  1:53  Probe (Chrono Boost)  
  22  2:02  Pylon  
  22  2:20  Mothership Core (Chrono Boost), Adept  
  22  2:21  Warp Gate  
  26  2:35  Probe (Chrono Boost)  
  26  2:39  Probe (Chrono Boost)  
  27  2:46  Probe (Chrono Boost), Twilight Council  
  27  2:49  Probe (Chrono Boost)  
  29  2:51  Adept  
  29  2:57  Probe (Chrono Boost)  
  32  3:00  Probe (Chrono Boost)  
  32  3:04  Robotics Facility  
  33  3:08  Probe (Chrono Boost)  
  34  3:18  Probe (Chrono Boost)  
  35  3:23  Charge  
  35  3:32  Probe (Chrono Boost)  
  36  3:38  Gateway x2  
  36  3:40  Probe (Chrono Boost)  
  37  3:43  Probe (Chrono Boost)  
  37  3:46  Adept  
  40  3:50  Pylon  
  40  3:51  Observer (Chrono Boost)  
  40  3:55  Probe  
  41  3:56  Probe  
  43  4:03  Pylon  
  43  4:05  Probe, Pylon  
  44  4:10  Observer (Chrono Boost)  
  44  4:12  Probe  
  46  4:22  Probe  
  47  4:27  Forge  
  47  4:28  Forge  
  47  4:31  Stalker  
  47  4:33  Probe (Chrono Boost)  
  47  4:36  Stalker  
  47  4:37  Stalker  
  54  4:39  Probe (Chrono Boost)  
  54  4:45  Probe (Chrono Boost)  
  56  4:50  Probe (Chrono Boost)  
  57  4:56  Probe (Chrono Boost)  
  58  5:01  Probe (Chrono Boost)  
  58  5:02  Gateway  
  58  5:03  Gateway  
  58  5:04  Protoss Ground Weapons Level 1  
  58  5:05  Protoss Ground Armor Level 1  
  58  5:07  Probe (Chrono Boost)  
  60  5:11  Probe (Chrono Boost)  
  61  5:17  Probe (Chrono Boost)  
  61  5:21  Zealot x3  
  64  5:22  Probe (Chrono Boost)  
  64  5:28  Probe (Chrono Boost)  
  70  5:41  Nexus  
  70  5:43  Pylon  
  70  5:48  Blink, Probe x2 (Chrono Boost)  
  70  6:00  Warp Prism, Pylon  
  70  6:01  Probe x2 (Chrono Boost)  
  70  6:03  Pylon  
  74  6:08  Robotics Bay  
  74  6:11  Probe (Chrono Boost)  
  74  6:15  Zealot  
  77  6:20  Zealot x4  
  77  6:23  Probe (Chrono Boost)  
  86  6:27  Pylon  
  86  6:29  Assimilator  
  86  6:31  Assimilator  
  86  6:40  Pylon  
  86  6:42  Probe (Chrono Boost)  
  86  6:44  Probe (Chrono Boost)  
  86  6:45  Pylon  
  88  6:52  Probe (Chrono Boost)  
  89  6:59  Protoss Ground Armor Level 2, Protoss Ground Weapons Level 2  
  89  7:03  Probe (Chrono Boost)  
  89  7:04  Probe (Chrono Boost)  
  89  7:06  Zealot x3  
  89  7:07  Zealot x2  
  99  7:22  Probe (Chrono Boost), Colossus  
  100  7:27  Zealot x5  
  116  7:31  Probe x2 (Chrono Boost)  
  118  7:38  Probe (Chrono Boost)  
  118  7:41  Probe x2 (Chrono Boost)  
  115  7:46  Gateway  
  115  7:48  Gateway, Probe (Chrono Boost)  
  112  7:52  Probe x2 (Chrono Boost)  
  112  7:53  Stalker x2  
  112  7:54  Stalker  
  120  8:00  Probe (Chrono Boost)  
  121  8:08  Probe (Chrono Boost), Extended Thermal Lance  
  121  8:10  Gateway  
  123  8:12  Probe (Chrono Boost)  
  123  8:14  Probe (Chrono Boost), Assimilator  
  124  8:22  Pylon  
  124  8:23  Colossus  
  124  8:24  Pylon  
  116  8:27  Zealot x4  
  124  8:35  Probe (Chrono Boost)  
  125  8:47  Stalker x2  
  125  8:48  Stalker x2  
  133  8:49  Gateway  
  133  8:51  Gateway  
  133  8:55  Stalker  
  133  8:56  Stalker  
  133  9:00  Probe (Chrono Boost)  
  138  9:10  Probe (Chrono Boost)  
  138  9:13  Assimilator  
  138  9:16  Photon Cannon  
  138  9:20  Photon Cannon  
  138  9:22  Nexus  
  138  9:23  Pylon  
  138  9:29  Sentry  
  140  9:36  Templar Archives  
  140  9:39  Pylon  
  140  9:41  Pylon  
  140  9:43  Pylon  
  140  9:52  Pylon  
  138  9:54  Pylon  
  138  9:55  Observer  
  138  9:56  Pylon  
  139  10:06  Zealot x5  
  139  10:07  Zealot x2  
  151  10:11  Psionic Storm  
  151  10:16  Probe (Chrono Boost)  
  151  10:21  Pylon  
  152  10:22  Zealot  
  152  10:23  Zealot x2  
  153  10:35  Stalker x3  
  159  10:40  Probe x3 (Chrono Boost)  
  162  10:46  Zealot  
  162  10:47  Zealot x2  
  168  10:50  Probe (Chrono Boost)  
  169  10:57  Pylon  
  169  11:00  High Templar  
  169  11:01  High Templar x4  
  169  11:02  Pylon  
  179  11:05  Archon x2  
  179  11:06  High Templar  
  179  11:10  Archon  
  142  11:26  Stalker x4  
  142  11:28  Probe  
  142  11:30  Probe x2  
Show
View Real Time Build Order
Export as new Build Order

Trizztein Terran 

Build Orders: Reaper Expand 

Get SALT Encoding   

  12  0:00  SCV  
  13  0:12  SCV  
  14  0:17  Supply Depot  
  14  0:24  SCV  
  15  0:29  Refinery  
  15  0:38  SCV  
  16  0:46  Barracks  
  16  0:50  SCV  
  17  1:03  SCV  
  18  1:15  SCV  
  19  1:33  Reaper, Orbital Command  
  20  1:47  Command Center  
  20  2:01  Factory  
  20  2:02  SCV  
  20  2:06  Barracks Reactor  
  21  2:12  Refinery  
  21  2:15  SCV  
  21  2:22  Supply Depot  
  22  2:28  SCV  
  23  2:42  SCV  
  23  2:45  Starport, Widow Mine  
  23  2:47  Marine  
  26  2:59  SCV  
  26  3:00  Orbital Command  
  26  3:03  Marine  
  26  3:04  Marine  
  29  3:13  SCV, Widow Mine  
  32  3:21  Marine  
  32  3:24  Medivac  
  32  3:26  SCV  
  36  3:38  SCV  
  36  3:40  SCV  
  38  3:42  Factory Tech Lab  
  38  3:43  Marine x2  
  38  3:47  Barracks  
  40  3:50  SCV  
  40  3:52  SCV  
  40  3:55  Starport Tech Lab  
  42  4:02  SCV  
  43  4:04  Supply Depot  
  43  4:05  Supply Depot  
  43  4:08  SCV  
  44  4:10  Marine  
  44  4:11  Marine  
  46  4:25  SCV x2, Siege Tank, Raven  
  46  4:26  Refinery  
  46  4:27  Refinery  
  46  4:31  Supply Depot  
  53  4:33  Marine x2  
  53  4:37  SCV  
  56  4:38  Engineering Bay  
  56  4:44  SCV  
  57  4:49  SCV  
  57  4:52  Barracks  
  58  4:59  SCV  
  59  5:02  SCV  
  59  5:03  Siege Tank  
  59  5:04  Marine x2  
  65  5:07  Supply Depot  
  65  5:09  Terran Infantry Weapons Level 1  
  65  5:14  SCV  
  65  5:17  Stimpack, Marine  
  65  5:18  Starport Reactor  
  67  5:22  SCV  
  67  5:23  Marine  
  67  5:24  Supply Depot  
  67  5:26  SCV  
  70  5:34  SCV  
  71  5:38  SCV  
  71  5:43  Marine  
  71  5:44  Factory Reactor, Marine  
  71  5:45  Marauder  
  71  5:46  SCV  
  71  5:49  Supply Depot x2  
  76  5:50  SCV  
  77  5:58  SCV  
  77  6:02  SCV  
  79  6:05  Marine  
  79  6:06  Marauder, Marine  
  79  6:09  Medivac  
  79  6:10  SCV, Medivac  
  79  6:11  Marauder  
  90  6:14  SCV  
  90  6:16  Supply Depot  
  90  6:17  Supply Depot  
  91  6:21  Widow Mine x2  
  91  6:22  Liberator  
  91  6:23  SCV, Liberator  
  96  6:27  SCV, Marauder  
  99  6:35  SCV  
  103  6:43  SCV  
  107  6:47  SCV  
  107  6:51  Widow Mine x2  
  112  6:55  SCV, Command Center  
  112  6:56  Supply Depot  
  112  7:03  Supply Depot  
  112  7:05  Liberator  
  112  7:06  Liberator  
  112  7:19  Missile Turret  
  112  7:20  Marine x4  
  112  7:21  Missile Turret  
  119  7:27  Armory  
  119  7:28  Engineering Bay  
  122  7:33  SCV  
  122  7:38  Marine  
  100  7:53  Widow Mine, Marine x3  
  100  7:54  Widow Mine  
  100  7:55  Marine  
  106  7:59  Factory  
  106  8:01  Barracks  
  106  8:02  SCV  
  106  8:03  Barracks  
  106  8:05  Terran Infantry Armor Level 1  
  107  8:06  Concussive Shells  
  107  8:10  SCV  
  107  8:11  Marauder  
  110  8:14  SCV, Supply Depot x2  
  110  8:22  SCV  
  110  8:26  SCV  
  112  8:30  Orbital Command  
  112  8:33  Marine x4  
  116  8:34  SCV  
  116  8:37  Terran Infantry Weapons Level 2  
  116  8:38  SCV, Starport  
  118  8:46  SCV  
  119  8:50  SCV, Marine x2  
  119  8:51  Marine  
  123  9:02  SCV x2, Barracks Tech Lab  
  121  9:03  Supply Depot, Marine  
  121  9:04  Supply Depot, Barracks Reactor  
  121  9:08  Marine x3  
  122  9:13  Terran Ship Weapons Level 1  
  122  9:14  Widow Mine  
  122  9:15  Liberator x2, Widow Mine x2  
  122  9:16  SCV  
  129  9:17  SCV x2  
  129  9:20  Marine  
  129  9:23  Sensor Tower  
  132  9:26  Marine x3  
  132  9:27  Command Center  
  132  9:28  SCV  
  136  9:36  Medivac  
  136  9:38  SCV x2, Refinery, Marine  
  146  9:39  Refinery  
  146  9:40  SCV  
  146  9:42  Ghost Academy, Supply Depot  
  146  9:44  Marine  
  149  9:48  Marine x3  
  149  9:49  Marine x2  
  149  9:50  SCV  
  155  9:56  Marine  
  156  10:06  Medivac  
  160  10:07  Marauder  
  160  10:17  Marine x4  
  160  10:18  Marauder x2  
  168  10:28  Marine  
  167  10:35  Viking x2, Marine x4  
  169  10:39  Marine x2  
  169  10:40  Starport Tech Lab  
  169  10:42  Fusion Core  
  175  10:44  Supply Depot  
  175  10:46  Marine  
  176  10:52  Marine x2  
  176  10:53  Marine x2  
  180  11:00  Viking  
  180  11:02  SCV x2  
  180  11:03  SCV  
  185  11:05  Viking  
Tags
 
Add a new tag
Caveats
  • Supply blocks, unpowered buildings, or Contaminate may cause inaccurate times.
  • Supply counts are checked every 10 seconds.